 Dungeon Crawl Stone Soup version 0.29-a0-1006-g0dd7720b37 (webtiles) character file.

Game seed: 13470173756738996270

851 drpainis the Chopper (level 8, -11/68 HPs)
             Began as a Hill Orc Fighter on Aug 6, 2022.
             Killed from afar by an electric eel (14 damage)
             ... with a bolt of electricity
             ... on level 6 of the Dungeon.
             The game lasted 00:09:42 (6102 turns).

drpainis the Chopper (Hill Orc Fighter)             Turns: 6102, Time: 00:09:43

Health: -11/68     AC:  7    Str: 21    XL:     8   Next: 1%
Magic:  8/8        EV: 11    Int:  4    God:
Gold:   341        SH:  4    Dex: 10    Spells: 7/7 levels left

rFire   . . .      SeeInvis +   a - +0 war axe
rCold   . . .      Faith    .   c - +0 buckler
rNeg    . . .      Spirit   .   D - +3 leather armour "Kiddeqil" {rPois Int-4 SInv}
rPois   +          Reflect  .   l - +0 helmet
rElec   .          Harm     .   (no cloak)
rCorr   .          Rampage  .   (no gloves)
Will    .....                   (no boots)
Stlth   +.........              (no amulet)
HPRegen 0.21/turn               (no ring)
MPRegen 0.11/turn               (no ring)

@: no status effects
A: no striking features
a: no special abilities


You were on level 6 of the Dungeon.
You visited 1 branch of the dungeon, and saw 6 of its levels.

You collected 341 gold pieces.

Inventory:

Hand Weapons
 a - a +0 war axe (weapon)
 w - a +2 dagger of venom
Missiles
 t - 3 javelins (quivered)
 u - 5 poisoned darts
Armour
 b - a +0 scale mail
 c - a +0 buckler (worn)
 k - a +0 scale mail
 l - a +0 helmet (worn)
 D - the +3 leather armour "Kiddeqil" (worn) {rPois Int-4 SInv}
   (You found it on level 5 of the Dungeon)

   Int:       It affects your intelligence (-4).
   rPois:     It protects you from poison.
   SInv:      It lets you see invisible.
 E - the +1 robe of Compression {Stlth+}
   (You found it on level 5 of the Dungeon)

   Stlth:     It makes you more stealthy.
Jewellery
 p - an amulet of faith
 G - an amulet of the acrobat
Wands
 v - a wand of flame (23)
 C - a wand of light (6)
Scrolls
 e - 3 scrolls of vulnerability
 f - 6 scrolls of identify
 i - a scroll of butterflies {unknown}
 m - 6 scrolls of teleportation
 n - a scroll of immolation {unknown}
 o - a scroll of magic mapping {unknown}
 q - a scroll of noise {unknown}
 r - a scroll of silence {unknown}
 x - a scroll of acquirement {unknown}
 y - a scroll of fear {unknown}
 F - a scroll of amnesia {unknown}
 H - a scroll of summoning {unknown}
Potions
 d - 2 potions of might
 g - a potion of degeneration {unknown}
 h - 3 potions of attraction {unknown}
 j - 2 potions of magic {unknown}
 s - 2 potions of lignification {unknown}
 z - a potion of heal wounds {unknown}
 A - a potion of ambrosia {unknown}
 B - 2 potions of resistance {unknown}


   Skills:
 + Level 5.3 Fighting
 + Level 7.9 Axes
 + Level 5.4 Armour
 + Level 1.9 Dodging
 + Level 0.9 Stealth
 + Level 4.5 Shields


You had 7 spell levels left.
You didn't know any spells.
Your spell library contained the following spells:

 Spells                   Type           Power      Damage    Failure   Level
 Apportation              Tloc           0%         N/A       65%         1
 Magic Dart               Conj           0%         1d3       65%         1
 Searing Ray              Conj           0%         2d4       78%         2
 Fulminant Prism          Conj/Hex       0%         3d6       100%        4
 Alistair's Intoxication  Tmut/Pois      0%         N/A       100%        5


Dungeon Overview and Level Annotations

Branches:
Dungeon (6/15)
 Temple: D:4-7

Altars:
Cheibriados
Dithmenos
Fedhas
Kikubaaqudgha
Makhleb
Okawaru
Sif Muna
Zin
The Shining One

Shops:
D:5 ::


Message History

Found a scroll labelled GUALES SUNOLOA.
The electric eel moves out of view.
An electric eel is nearby!
An electric eel is nearby!
An electric eel is nearby!
The electric eel shoots out a bolt of lightning at you!
The bolt of electricity hits you!
Found a club.
You see here a scroll labelled GUALES SUNOLOA.
You enter the shallow water.
Moving in this stuff is going to be slow.
You barely miss the electric eel. You slash the plant!
The plant begins to die.
Your unstable footing causes you to fumble your attack.
Your unstable footing causes you to fumble your attack.
A nearby plant withers and dies.
Your unstable footing causes you to fumble your attack.
The electric eel shoots out a bolt of lightning at you!
The bolt of electricity hits you!
You miss the electric eel.
The electric eel shoots out a bolt of lightning at you!
The bolt of electricity hits you!
You closely miss the electric eel. You miss the electric eel.
Your unstable footing causes you to fumble your attack.
The electric eel shoots out a bolt of lightning at you!
The bolt of electricity hits you!
Your unstable footing causes you to fumble your attack.
The electric eel shoots out a bolt of lightning at you!
The bolt of electricity hits you!
* * * LOW HITPOINT WARNING * * *
You barely miss the electric eel.
The electric eel shoots out a bolt of lightning at you!
The bolt of electricity hits you!
* * * LOW HITPOINT WARNING * * *
You barely miss the electric eel.
The electric eel shoots out a bolt of lightning at you!
The bolt of electricity hits you!
* * * LOW HITPOINT WARNING * * *
The electric eel shoots out a bolt of lightning at you!
The bolt of electricity hits you!
You die...

#....†..###...#..> ..
#.......##.†..#... ....
#.....#.#.....#... ..PP#
#.......#....#.###
#..P♣####.##..#...###...
##..... #.####.###.#....
#......♣##.# ##...#.....
#...~...♣..#
##....#....#
#).~~~~.@..#
#.....#...## P.♣~~S~...#
#....#.###.#
♣~~♣~....##...###.....
..~♣ ~.P...#.###.#...)..
... ~~~....##.....#.....
..
.P~♣♣....#.(....#.....
..♣.........#.....#.....
.....P.####.#......#.###
..♣...### .#.....###...


You could see an electric eel.

Vanquished Creatures
  2 bullfrogs (D:6)
  4 scorpions
  2 necrophages
  Jessica (D:2)
  6 iguanas
  An orc wizard (D:5)
  3 adders
  3 gnolls (D:2)
  A shadow imp (D:5)
  An ufetubus (D:5)
  2 worms
  A dart slug (D:2)
  8 orcs
  9 endoplasms
  10 giant cockroaches
  7 goblins
  3 hobgoblins
  5 jackals
  6 kobolds
  6 quokkas
  3 ball pythons
  6 bats
  3 frilled lizards
  5 rats
98 creatures vanquished.

Vanquished Creatures (others)
  7 plants
7 creatures vanquished.

Grand Total: 105 creatures vanquished

Notes
Turn   | Place    | Note
-------+----------+-------------------------------------------
     0 | D:1      | drpainis the Hill Orc Fighter began the quest for the Orb.
     0 | D:1      | Reached XP level 1. HP: 19/19 MP: 1/1
   122 | D:1      | Reached XP level 2. HP: 24/27 MP: 2/2
   170 | D:1      | Found a faded altar of an unknown god.
   428 | D:1      | Reached skill level 3 in Axes
   627 | D:1      | Reached XP level 3. HP: 33/33 MP: 3/3
  1174 | D:2      | Found a glowing silver altar of Zin.
  1501 | D:2      | Reached skill level 4 in Axes
  1522 | D:2      | Reached XP level 4. HP: 40/40 MP: 4/4
  1703 | D:2      | Noticed Jessica
  1711 | D:2      | Killed Jessica
  1836 | D:2      | Reached XP level 5. HP: 46/46 MP: 5/5
  2541 | D:4      | Noticed a sky beast
  2546 | D:4      | Reached skill level 5 in Axes
  3121 | D:4      | Found a glowing drain.
  3125 | D:4      | Reached XP level 6. HP: 52/53 MP: 6/6
  3358 | D:4      | Reached skill level 6 in Axes
  3358 | D:4      | Reached skill level 1 in Dodging
  3391 | D:4      | Noticed a wyvern
  3667 | D:5      | Entered Level 5 of the Dungeon
  4170 | D:5      | Found Nacw's Book Emporium.
  4189 | D:5      | Identified the +3 leather armour "Kiddeqil" {rPois Int-4
                  | SInv}
  4198 | D:5      | Reached skill level 5 in Armour
  4198 | D:5      | Reached XP level 7. HP: 40/60 MP: 7/7
  4568 | D:5      | Found Boyss's Tremendous Tomes.
  4615 | D:5      | Identified the +1 robe of Compression {Stlth+}
  4701 | D:5      | Found a shimmering blue altar of Sif Muna.
  4703 | D:5      | Found an ancient bone altar of Kikubaaqudgha.
  4705 | D:5      | Found a snail-covered altar of Cheibriados.
  4705 | D:5      | Found an iron altar of Okawaru.
  4705 | D:5      | Found a glowing golden altar of the Shining One.
  4705 | D:5      | Found a shadowy altar of Dithmenos.
  4705 | D:5      | Found a blossoming altar of Fedhas.
  4706 | D:5      | Found a burning altar of Makhleb.
  5359 | D:6      | Reached skill level 7 in Axes
  5470 | D:6      | Reached skill level 5 in Fighting
  5944 | D:6      | Identified the +7 war axe of Vyqaukairr {speed, rF- rN++}
  5969 | D:6      | Reached XP level 8. HP: 44/68 MP: 8/8
  6101 | D:6      | HP: 3/68 [electric eel/bolt of electricity (8)]
  6102 | D:6      | Killed from afar by an electric eel

Illustrated notes

Levels and vault maps discovered:
D:1:      dpeg_arrival_arbitrary_b, layout_loops_ring,
          dreamdust_ecumenical_altar_statues, serial_bayou_lagoon_b
D:2:      layout_loops_ring, basic_altar, uniq_jessica
D:3:      layout_loops_ring
D:4:      layout_gridville, portal_sewer_entry_f, minivault_11,
          minmay_quadrilaterals
D:5:      layout_loops_corners, grunt_temple_overflow_open, serial_shops,
          kennysheep_mini, nicolae_shop_i_like_big_books, hangedman_decor_points
D:6:      nicolae_BIG_FREAKIN_CUBE, layout_basic, mainiacjoe_overflow_alcove_2,
          serial_bayou, serial_bayou_pond_a, serial_bayou_pond_c,
          serial_bayou_ford_a, serial_bayou_lake_a, minmay_crystal_room,
          lightli_orcish_oven

Skill      XL: |  1  2  3  4  5  6  7 |
---------------+----------------------+-----
Axes           | 3 4 5 6 7 |  7.9
Fighting       | 4 5 |  5.3
Armour         | 4 5 |  5.4
Dodging        | 1 |  1.9
Shields        | 4 |  4.5
Stealth        | |  0.9

Action                   |  1- 3 |  4- 6 |  7- 9 || total
-------------------------+-------+-------+-------++-------
Melee: War axe           |    80 |   142 |   112 ||   334
  Use: Scroll            |       |     2 |       ||     2
Armor: Scale mail        |    64 |    70 |       ||   134
       Leather armour    |       |       |    32 ||    32
Dodge: Dodged            |    55 |    71 |    54 ||   180
Block: Buckler           |    24 |    32 |    19 ||    75

Table legend: (Time is in decaauts)
 A = Elapsed time spent in this place.
 B = Non-inter-level travel time spent in this place.
 C = Inter-level travel time spent in this place.
 D = Time resting spent in this place.
 E = Time spent auto-exploring this place.
 F = Levels seen in this place.
 G = Mean time per level.
                   A        B        C        D        E       F      G
               +--------+--------+--------+--------+--------+-----+--------+
         Total |   6228 |   6023 |    205 |    879 |   3579 |   6 | 1038.0 |
       Dungeon |   6228 |   6023 |    205 |    879 |   3579 |   6 | 1038.0 |
               +--------+--------+--------+--------+--------+-----+--------+

Top non-repeatable levels by time:
     D:5: 1599 daAuts
     D:1: 1514 daAuts
     D:4: 1157 daAuts
     D:6: 868 daAuts
     D:3: 609 daAuts
     D:2: 479 daAuts
